 Dungeon Crawl Stone Soup version 0.29.1-4-g47bece8355 (webtiles) character file.

Game seed: 9457467674756125390

51 GorkyZ the Twirler (level 3, -2/22 HPs)
             Began as a Gargoyle Gladiator on Dec 6, 2022.
             Slain by an ogre
             ... wielding a +0 giant spiked club
              (13 damage)
             ... on level 3 of the Dungeon.
             The game lasted 00:03:53 (1708 turns).

GorkyZ the Twirler (Gargoyle Gladiator)             Turns: 1708, Time: 00:03:54

Health: -2/22      AC:  9    Str: 19    XL:     3   Next: 81%
Magic:  3/3        EV: 11    Int:  8    God:
Gold:   212        SH:  3    Dex: 11    Spells: 2/2 levels left

rFire   . . .      SeeInvis .   p - +0 mace
rCold   . . .      Faith    .   j - +0 buckler
rNeg    + . .      Spirit   .   k - +0 ring mail
rPois   ∞          Reflect  .   c - +0 helmet
rElec   +          Harm     .   (no cloak)
rCorr   .          Rampage  .   (no gloves)
Will    .....                   (no boots)
Stlth   +.........              (no amulet)
HPRegen 0.07/turn               (no ring)
MPRegen 0.08/turn               (no ring)

@: no status effects
A: sickness immunity, AC +3, negative energy resistance 1, electricity
resistance, torment resistance 1, petrification resistance
a: no special abilities


You were on level 3 of the Dungeon.
You visited 1 branch of the dungeon, and saw 3 of its levels.

You collected 212 gold pieces.

Inventory:

Hand Weapons
 a - a +0 quarterstaff
 p - a +0 mace (weapon)
Missiles
 e - a javelin (quivered)
Armour
 b - a +0 leather armour
 c - a +0 helmet (worn)
 g - a +0 plate armour
 j - a +0 buckler (worn)
 k - a +0 ring mail (worn)
Scrolls
 f - a scroll of fog {unknown}
 h - a scroll of teleportation {unknown}
 i - a scroll of immolation {unknown}
 l - a scroll of identify {unknown}
 m - a scroll of amnesia {unknown}
 o - a scroll of noise {unknown}
Potions
 n - a potion of flight {unknown}
 q - a potion of heal wounds {unknown}


   Skills:
 + Level 2.7 Fighting
 + Level 0.0(1.9) Maces & Flails
 - Level 3.3 Staves
 + Level 2.1 Throwing
 + Level 1.0 Armour
 + Level 2.7 Dodging
 + Level 0.8 Evocations


You had 2 spell levels left.
You didn't know any spells.
Your spell library contained the following spells:

 Spells                   Type           Power      Damage    Failure   Level
 Ensorcelled Hibernation  Hex/Ice        0%         N/A       85%         2
 Passwall                 Tmut/Erth      0%         N/A       85%         2
 Swiftness                Air            0%         N/A       97%         3


Dungeon Overview and Level Annotations

Branches:
Dungeon (3/15)

Altars:

Shops:
D:1 :


Innate Abilities, Weirdness & Mutations

You are immune to sickness and miasma.
Your stone body is resilient. (AC +3)
You are immune to poison.
You resist negative energy. (rN+)
You are resistant to electric shocks. (rElec)
You are resistant to unholy torment.
You are immune to petrification.


Message History

The slug dart hits you.
Found 6 gold pieces.
The dart slug launches a dart at you.
The slug dart hits you but does no damage.
An ogre comes into view. It is wielding a +0 giant spiked club.
The ogre shouts!
You sock the dart slug!
The dart slug is almost dead.
You thump the dart slug!
You kill the dart slug!
No target in view!
No target in view!
No target in view!
No target in view!
No target in view!
No target in view!
No target in view!
No target in view!
No target in view!
No target in view!
No target in view!
No target in view!
No target in view!
No target in view!
No target in view!
An ogre is nearby!
You throw a throwing net.
The throwing net barely misses the ogre.
You throw a throwing net.
The throwing net barely misses the ogre.
The ogre misses you.
You throw a throwing net.
The throwing net barely misses the ogre.
You hit the ogre but do no damage.
The ogre hits you with a +0 giant spiked club!
The ogre hits you but does no damage. The ogre attacks as you move away!
The ogre hits you with a +0 giant spiked club!
Ouch! That really hurt!
You die...

#.#. .## #.#. ..#
##......# .....#.+
$....# #..##.#†#
#(......###+##+##+#
#...(.#O##).......#
#.##..#@##......#
...............#
#..####.##<....# #.
#.##.....# #
..######## ####


You could see an ogre.

Vanquished Creatures
  An adder (D:2)
  2 dart slugs
  3 ball pythons
  A bat (D:2)
  5 endoplasms
  A giant cockroach (D:3)
  3 goblins (D:1)
  2 hobgoblins
  3 jackals (D:1)
  6 kobolds
  2 quokkas (D:1)
  3 frilled lizards
  A rat (D:2)
33 creatures vanquished.

Vanquished Creatures (others)
  2 fungi (D:1)
  6 plants (D:1)
8 creatures vanquished.

Grand Total: 41 creatures vanquished

Notes
Turn   | Place    | Note
-------+----------+-------------------------------------------
     0 | D:1      | GorkyZ the Gargoyle Gladiator began the quest for the Orb.
     0 | D:1      | Reached XP level 1. HP: 12/12 MP: 1/1
    39 | D:1      | Found Uryit's Vocational Training.
   114 | D:1      | Reached XP level 2. HP: 17/18 MP: 2/2
   554 | D:1      | Found a faded altar of an unknown god.
   930 | D:2      | Reached XP level 3. HP: 22/22 MP: 3/3
  1191 | D:2      | Reached skill level 1 in Armour
  1698 | D:3      | Noticed an ogre
  1708 | D:3      | Slain by an ogre

Illustrated notes

Levels and vault maps discovered:
D:1:      lightli_arrival_lavapool, layout_loops_cross,
          shapermc_ecumenical_altar_gd, nicolae_shop_vocational
D:2:      layout_rooms
D:3:      minmay_diamond_boxcup, layout_loops_cross,
          mainiacjoe_overflow_24_doors, mainiacjoe_overflow_big_doors

Skill      XL: |  1  2  3 |
---------------+----------+-----
Throwing       | 2 |  2.1
Armour         | 1 |  1.0
Fighting       | |  2.7
Staves         | |  3.3
Dodging        | |  2.7
Evocations     | |  0.8

Action                   || total
-------------------------++-------
Melee: Quarterstaff      ||    76
       Mace              ||    21
Throw: Throwing net      ||     3
 Stab: Sleeping          ||     1
Armor: Leather armour    ||    24
       Ring mail         ||    23
Dodge: Dodged            ||    64
Block: Buckler           ||     4
